 Dungeon Crawl Stone Soup version 0.20-a0-513-g02c11fc (webtiles) character file.

279 Duffy the Conjurer (level 6, -2/32 HPs)
             Began as a Deep Elf Conjurer on Jan 23, 2017.
             Slain by a two-headed ogre
             ... wielding a +0 giant club
              (24 damage)
             ... on level 3 of the Dungeon.
             The game lasted 00:02:51 (3533 turns).

Duffy the Conjurer (Deep Elf Conjurer)              Turns: 3533, Time: 00:02:52

Health: -2/32      AC:  4    Str:  9    XL:     6   Next: 5%
Magic:  9/16       EV: 13    Int: 22    God:
Gold:   137        SH:  0    Dex: 15    Spells: 4/16 levels left

rFire    . . .     SeeInvis .   (no weapon)
rCold    + . .     Gourm    .   p - +2 robe {rC+}
rNeg     . . .     Faith    .   (no shield)
rPois    .         Spirit   .   (no helmet)
rElec    .         Reflect  .   (no cloak)
rCorr    .         Harm     .   (no gloves)
MR       .....                  (no boots)
Stlth    ++........             (no amulet)
Regen    0.1/turn               (no ring)
                                j - +4 ring of strength

@: no status effects
A: no striking features
a: no special abilities


You were on level 3 of the Dungeon.
You were not hungry.

You visited 1 branch of the dungeon, and saw 4 of its levels.

You collected 137 gold pieces.

Inventory:

Armour
 p - a +2 robe of cold resistance (worn)
Jewellery
 j - a +4 ring of strength (left hand)
Wands
 q - a wand of paralysis (10/24)
Scrolls
 e - 3 scrolls of identify {unknown}
 h - 2 scrolls of enchant weapon {unknown}
 k - 2 scrolls of remove curse {unknown}
 l - a scroll of fear {unknown}
Potions
 a - a potion of curing {unknown}
 i - 2 potions of heal wounds {unknown}
 m - a potion of might {unknown}
 n - a potion of invisibility {unknown}
 o - a potion of lignification {unknown}
Books
 b - a book of Conjurations

   Spells                             Type                      Level
   a - Magic Dart                     Conjuration                  1
   b - Searing Ray                    Conjuration                  2
   c - Dazzling Spray                 Conjuration/Hexes            3
   d - Fulminant Prism                Conjuration/Hexes            4
   e - Iskenderun's Mystic Blast      Conjuration                  4
   f - Iskenderun's Battlesphere      Conjuration/Charms           5
Comestibles
 c - 2 bread rations
 f - 6 fruits
 g - a meat ration


   Skills:
 - Level 2.4 Dodging
 - Level 2.4 Stealth
 + Level 5.7 Spellcasting
 * Level 6.7 Conjurations
 + Level 1.5 Charms


You had 4 spell levels left.
You knew the following spells:

 Your Spells              Type           Power        Failure   Level  Hunger
a - Magic Dart            Conj           ####         1%          1    None
h - Iskenderun's Mystic   Conj           #####...     8%          4    ####...
i - Iskenderun's Battles  Conj/Chrm      ###.....     50%         5    #####..
s - Searing Ray           Conj           #####.       1%          2    None


Dungeon Overview and Level Annotations

Branches:
Dungeon (4/15)
 Temple: D:4-7

Altars:


Message History

The searing ray hits the two-headed ogre.
The two-headed ogre is moderately wounded.
The giant cockroach moves out of view.
The two-headed ogre hits you with a giant club. x2
You climb upwards.
There is a stone staircase leading down here.
Casting: Searing Ray
Confirm with . or Enter, or press ? or * to list all spells.
You don't know that spell.
Casting: Searing Ray
Confirm with . or Enter, or press ? or * to list all spells.
Aiming: Iskenderun's Mystic Blast
Press: ? - help, Shift-Dir - straight line, f - two-headed ogre
Aim: a two-headed ogre, wielding two giant clubs (lightly wounded)
The orb of energy hits the two-headed ogre.
The two-headed ogre is heavily wounded.
The orb of energy explodes!
The two-headed ogre hits you with a giant club!!
Ouch! That really hurt!
You die...

.............###.#[..........#
.............# #>#...<.......#
############## #.#...........#
#.#...........#
#.#...........#
#.#...........####
#.#...........##..
#O##############.. ########@#
#....
#........############....
#........'...............
#........####............
#........# #............
#........# #............
#........# #............
#........# #............
#........# #............


You could see a two-headed ogre.

Vanquished Creatures
  The ghost of Yoshimo the Slasher, an amateur MiMo (D:3)
  Jessica (D:3)
  7 adders (D:3)
  6 worms
  2 dart slugs
  7 leopard geckos
  6 bats
  7 giant cockroaches
  9 goblins
  9 hobgoblins
  3 jackals (D:2)
  2 quokkas (D:3)
  6 frilled lizards
  7 kobolds
  4 rats
77 creatures vanquished.

Notes
Turn   | Place    | Note
-------+----------+-------------------------------------------
     0 | D:1      | Duffy the Deep Elf Conjurer began the quest for the Orb.
     0 | D:1      | Reached XP level 1. HP: 10/10 MP: 6/6
   188 | D:1      | Reached XP level 2. HP: 15/15 MP: 0/8
   192 | D:1      | Learned a level 2 spell: Searing Ray
   693 | D:1      | Reached skill level 5 in Conjurations
   903 | D:1      | Reached XP level 3. HP: 19/19 MP: 8/10
  1673 | D:2      | Reached XP level 4. HP: 24/24 MP: 7/12
  1679 | D:2      | Learned a level 4 spell: Iskenderun's Mystic Blast
  1812 | D:2      | Noticed an orc warrior
  2514 | D:3      | Reached skill level 6 in Conjurations
  2566 | D:3      | Noticed Yoshimo's ghost (amateur MiMo)
  2577 | D:3      | Killed Yoshimo's ghost
  2577 | D:3      | Reached skill level 5 in Spellcasting
  2577 | D:3      | Reached XP level 5. HP: 16/28 MP: 2/14
  2719 | D:3      | Learned a level 5 spell: Iskenderun's Battlesphere
  2783 | D:3      | Noticed Jessica
  2792 | D:3      | Killed Jessica
  2792 | D:3      | Reached skill level 1 in Charms
  3301 | D:3      | Reached XP level 6. HP: 32/32 MP: 11/16
  3519 | D:4      | Noticed a two-headed ogre
  3533 | D:3      | Slain by a two-headed ogre

Vault maps used:
D:1:      onia_arrival_mini_maze_b
D:2:      lightli_corner_chamber
D:3:      first_bread, uniq_jessica

Skill      XL: |  1  2  3  4  5 |
---------------+----------------+-----
Conjurations   | 5 6 |  6.7
Spellcasting   | 4 5 |  5.7
Charms         | 1 |  1.5
Dodging        | |  2.4
Stealth        | |  2.4

Action                   |  1- 3 |  4- 6 || total
-------------------------+-------+-------++-------
 Cast: Magic Dart        |    85 |    69 ||   154
       Searing Ray       |     4 |     6 ||    10
       Iskenderun's Myst |       |     1 ||     1
  Eat: Chunk             |     2 |     6 ||     8
Armor: Robe              |     1 |       ||     1
Dodge: Dodged            |     6 |     2 ||     8
